 Dungeon Crawl Stone Soup version 0.27-a0-404-g4390dbc5be (webtiles) character file.

Game seed: 13175054549707291533

19 CurlyBrace the Caller (level 2, 8/12 HPs)
             Began as a Felid Summoner on Feb 22, 2021.
             Quit the game on level 5 of the Dungeon.
             The game lasted 00:05:15 (492 turns).

CurlyBrace the Caller (Felid Summoner)               Turns: 492, Time: 00:05:15

Health: 8/12       AC:  1    Str:  2 (4)  XL:     2   Next: 55%
Magic:  6/6        EV: 17    Int: 14 (16) God:
Gold:   21         SH:  0    Dex: 13 (16) Spells: 4/5 levels left
                                        Lives:  0   Deaths: 0

rFire    + . .     SeeInvis +     - Unarmed
rCold    + . .     Faith    .   (shield unavailable)
rNeg     . . .     Spirit   .   (armour unavailable)
rPois    +         Reflect  .   (helmet unavailable)
rElec    +         Harm     .   (cloak unavailable)
rCorr    +         Rampage  .   (gloves unavailable)
Will     .....                  (boots unavailable)
Stlth    +.........             b - amulet of the acrobat
HPRegen  0.04/turn              (no ring)
MPRegen  0.10/turn              (no ring)

@: confused, resistant, attractive, quick
A: very small, no armour, no weapons or thrown items, stealth, claws 1, fangs 3,
see invisible, speed 1, shaggy fur 1, sharp paws
a: no special abilities


You were on level 5 of the Dungeon.
You visited 1 branch of the dungeon, and saw 6 of its levels.

You collected 21 gold pieces.

Inventory:

Jewellery
 b - an amulet of the acrobat (around neck)
   (You found it on level 3 of the Dungeon)
Potions
 e - a potion of magic


   Skills:
 * Level 1.1 Fighting
 - Level 3.0 Dodging
 - Level 3.0 Stealth
 * Level 1.3 Unarmed Combat
 - Level 2.0 Spellcasting
 - Level 4.0 Summonings


You had 4 spell levels left.
You knew the following spells:

 Your Spells              Type           Power        Failure   Level
a - Summon Small Mammal   Summ           48%          4%          1

Your spell library contained the following spells:

 Spells                   Type           Power        Failure   Level
 Call Imp                 Summ           12%          7%          2
 Call Canine Familiar     Summ           12%          14%         3
 Summon Guardian Golem    Hex/Summ       7%           30%         3
 Summon Ice Beast         Ice/Summ       7%           71%         4
 Summon Lightning Spire   Summ/Air       7%           71%         4


Dungeon Overview and Level Annotations

Branches:
Dungeon (6/15)
 Temple: D:4-7

Altars:

Annotations:
D:3 exclusion: adder, Natasha
D:5 exclusions: downstairs and upstairs, Dowan
D:6 Maggie


Innate Abilities, Weirdness & Mutations

You cannot wear armour.
You are incapable of wielding weapons or throwing items.
Your paws allow you to move quietly. (Stealth)
You have sharp claws.
You have razor-sharp teeth.
You have supernaturally acute eyesight. (SInv)
You cover ground quickly.
You are covered in fur. (AC +1)
Your sharp claws are effective at attacking unaware monsters.


Message History

The orc wizard gestures at you while chanting.
The magic dart hits the orc wizard.
Unknown command.
Unknown command.
Casting: Summon Small Mammal (safe; 4% risk of failure)
Confirm with . or Enter, or press ? or * to list all spells.
The orc wizard hits your quokka with a +0 dagger.
Unknown command.
Unknown command.
Casting: Summon Small Mammal (safe; 4% risk of failure)
Confirm with . or Enter, or press ? or * to list all spells.
Your quokka disappears in a puff of smoke!
The orc wizard points at you and mumbles some strange words.
The puff of flame hits you. You resist.
An orc comes into view.
Your rat misses the orc wizard. The orc wizard is pulled toward you! x2
The orc is pulled toward you!
Unknown command.
Unknown command.
You barely miss the orc wizard.
The orc wizard is lightly wounded.
The orc wizard closely misses you. The orc wizard closely misses your rat.
An orc priest comes into view.
Your quokka closely misses the orc wizard.
Your rat bites the orc wizard.
The orc priest is pulled toward you!
Unknown command.
Unknown command.
Okay, then.
Unknown command.
You are confused.
You feel invigorated. The orc wizard closely misses you.
The orc wizard hits your rat with a +0 dagger.
Your rat dies!
Your rat's corpse disappears in a puff of smoke!
Your quokka completely misses the orc wizard.
Your quokka barely misses the orc wizard.
Unknown command.
Are you sure you want to stumble around while confused and next to your quokka?
Okay, then.
Are you sure you want to abandon this character and quit the game? (Confirm with "yes".)

..# #.# #.# #.#
#######.###
#.........#
#.........#
#.........#
#.......@r#
###.....r§or#
#.....###o###
#.....# #o#
#######.....##.o...#
.....##.....##.o...#
####.##.....##.....#
.).................#
##...##.....##.....#


You could see 2 orc priests, 2 orc wizards, an orc and 3 friendly quokkas.

Vanquished Creatures
  A leopard gecko (D:5)
  A giant cockroach (D:5)
  A hobgoblin (D:3)
  A frilled lizard (D:3)
  A kobold (D:3)
5 creatures vanquished.

Vanquished Creatures (collateral kills)
  A gnoll (D:6)
  An adder (D:5)
  A frilled lizard (D:5)
3 creatures vanquished.

Grand Total: 8 creatures vanquished

Notes
Turn   | Place    | Note
-------+----------+-------------------------------------------
     0 | D:1      | CurlyBrace the Felid Summoner began the quest for the Orb.
     0 | D:1      | Reached XP level 1. HP: 7/7 MP: 4/4
    15 | D:1      | Noticed a minotaur zombie
    15 | D:1      | Noticed a minotaur zombie
    81 | D:3      | Noticed Natasha
   261 | D:4      | Noticed a scorpion
   266 | D:5      | Entered Level 5 of the Dungeon
   304 | D:6      | Noticed Maggie
   438 | D:5      | Noticed Dowan
   449 | D:5      | Reached XP level 2. HP: 9/12 MP: 1/6
   469 | D:5      | Reached skill level 1 in Unarmed Combat
   480 | D:5      | Reached skill level 1 in Fighting
   492 | D:5      | Quit the game

Illustrated notes

Levels and vault maps discovered:
D:1:      shiori_arrival_whats_in_store_for_you, layout_loops_ring,
          chequers_serial_rivers_large_a
D:2:      layout_rooms
D:3:      layout_loops_corners, minmay_misc_feat_roman, uniq_natasha
D:4:      layout_basic, tgw_trog, minmay_temple_entry_glassed_door,
          serial_shops, shop, hex_tiny, minivault_19
D:5:      layout_basic, serial_shops, nicolae_shop_behind_doors,
          hangedman_decor_riveting, grunt_gozag_statues, uniq_menkaure,
          uniq_duvessa, uniq_grinder
D:6:      layout_gridville, serial_shops, shop, uniq_maggie

Skill      XL: |  1  2 |
---------------+-------+-----
Unarmed Combat | 1 |  1.3
Fighting       | 1 |  1.1
Dodging        | 3 |  3.0
Stealth        | 3 |  3.0
Spellcasting   | |  2.0
Summonings     | |  4.0

Action                   || total
-------------------------++-------
Melee: Unarmed           ||    17
       Bite              ||     2
 Cast: Summon Small Mamm ||    11
  Use: Scroll            ||     1
       Potion            ||     6
 Stab: Sleeping          ||     3
Dodge: Dodged            ||    14

Table legend: (Time is in decaauts)
 A = Elapsed time spent in this place.
 B = Non-inter-level travel time spent in this place.
 C = Inter-level travel time spent in this place.
 D = Time resting spent in this place.
 E = Time spent auto-exploring this place.
 F = Levels seen in this place.
 G = Mean time per level.
                   A        B        C        D        E       F      G
               +--------+--------+--------+--------+--------+-----+--------+
         Total |    411 |    411 |      0 |      0 |      0 |   6 |   68.5 |
       Dungeon |    411 |    411 |      0 |      0 |      0 |   6 |   68.5 |
               +--------+--------+--------+--------+--------+-----+--------+

Top non-repeatable levels by time:
     D:3: 160 daAuts
     D:5: 153 daAuts
     D:6: 38 daAuts
     D:1: 22 daAuts
     D:2: 18 daAuts
     D:4: 18 daAuts
